[Event "Turkish Women-ch Arzum 2022"]
[Site "Ayvalik"]
[Date "2022.03.09"]
[Round "7.26"]
[White "Gur, Tuba"]
[Black "Oztatar, Meleknaz"]
[Result "1/2-1/2"]
[ECO "E90"]
[WhiteElo "1750"]
[BlackElo "1063"]
[Annotator "NA"]
[PlyCount "73"]
[EventDate "2022.03.04"]
[EventType "swiss"]
[EventCountry "TUR"]
[SourceTitle "playchess.com"]
[Source "ChessBase"]
[SourceQuality "1"]
[TimeControl "5400+30"]

1. d4 Nf6 2. Nf3 g6 3. c4 Bg7 4. Nc3 O-O 5. e4 c5 6. d5 d6 7. h3 e5 8. a3 a6 9. Rb1 Nbd7 10. b4 Nh5 11. Bg5 Qe8 12. Na4 f6 13. Be3 b6 14. Qc2 Qd8 15. Qd2 f5 16. Bh6 fxe4 17. Bxg7 Nxg7 18. Ng5 Nf6 19. Nc3 e3 20. fxe3 Nf5 21. Ne6 Bxe6 22. dxe6 Ng3 23. Rg1 Qe7 24. Nd5 Nxd5 25. Qxd5 Rae8 26. bxc5 bxc5 27. Rb6 Qg5 28. e7+ Rf7 29. Kd2 Kg7 30. Be2 Rf2 31. Re1 Qh5 32. Qd3 e4 33. Qxd6 Rxe2+ 34. Kc3 Rxe1 35. Qf6+ Kg8 36. Qe6+ Kg7 37. Qf6+ 1/2-1/2

[Event "Turkish Women-ch Arzum 2022"]
[Site "Ayvalik"]
[Date "2022.03.09"]
[Round "7.27"]
[White "Alev, Gonulden Seda"]
[Black "Engel, Ecrin Tuana"]
[Result "1-0"]
[ECO "B40"]
[WhiteElo "1561"]
[BlackElo "1250"]
[Annotator "NA"]
[PlyCount "77"]
[EventDate "2022.03.04"]
[EventType "swiss"]
[EventCountry "TUR"]
[SourceTitle "playchess.com"]
[Source "ChessBase"]
[SourceQuality "1"]
[TimeControl "5400+30"]

1. e4 c5 2. Nf3 e6 3. c4 Nc6 4. d4 cxd4 5. Nxd4 Nge7 6. Nc3 Nxd4 7. Qxd4 Nc6 8. Qd1 Bb4 9. Bd2 O-O 10. a3 Be7 11. Be3 b6 12. Be2 Bb7 13. O-O Bf6 14. Rc1 Rc8 15. b4 Bxc3 16. Rxc3 Ne7 17. Qc2 d5 18. exd5 exd5 19. Rd1 Qc7 20. Bg4 f5 21. Be2 dxc4 22. Rxc4 Qb8 23. Rd7 Ng6 24. Bd4 Rf7 25. Rxf7 Kxf7 26. Qxf5+ Kg8 27. Qd7 Ne5 28. Bxe5 Qxe5 29. Rxc8+ Bxc8 30. Qxc8+ Kf7 31. Qd7+ Kf8 32. Qd3 g6 33. g3 Qb2 34. Bf3 Qc1+ 35. Kg2 Qc7 36. Qd5 a5 37. b5 Ke7 38. a4 h5 39. Be4 1-0

[Event "Turkish Women-ch Arzum 2022"]
[Site "Ayvalik"]
[Date "2022.03.09"]
[Round "7.28"]
[White "Mullakutukcu, Ela"]
[Black "Akar, Nilay"]
[Result "0-1"]
[ECO "D02"]
[WhiteElo "1154"]
[BlackElo "1516"]
[Annotator "NA"]
[PlyCount "66"]
[EventDate "2022.03.04"]
[EventType "swiss"]
[EventCountry "TUR"]
[SourceTitle "playchess.com"]
[Source "ChessBase"]
[SourceQuality "1"]
[TimeControl "5400+30"]

1. d4 Nf6 2. Bf4 d5 3. e3 e6 4. Nd2 c5 5. c3 Bd6 6. Bg3 Qc7 7. Ngf3 Nbd7 8. Bd3 O-O 9. Bh4 e5 10. dxe5 Nxe5 11. Nxe5 Bxe5 12. Nf3 Re8 13. Qc2 h6 14. O-O-O c4 15. Be2 Be6 16. h3 Ne4 17. Nxe5 Qxe5 18. f4 Qc7 19. g4 Qa5 20. Kb1 Bd7 21. Rdf1 Ba4 22. Qc1 Re6 23. Bf3 Nc5 24. Qd2 Rb6 25. Qd4 Bc6 26. Bxd5 Bxd5 27. Qxd5 Rxb2+ 28. Kxb2 Na4+ 29. Kc1 Qxd5 30. Rd1 Qe4 31. Rhe1 Nxc3 32. Rd4 Qb1+ 33. Kd2 Qb2# 0-1

[Event "Turkish Women-ch Arzum 2022"]
[Site "Ayvalik"]
[Date "2022.03.09"]
[Round "7.29"]
[White "Bursali, Ela"]
[Black "Bodur, Ilke Lal"]
[Result "1/2-1/2"]
[ECO "C47"]
[WhiteElo "1353"]
[BlackElo "1151"]
[Annotator "NA"]
[PlyCount "52"]
[EventDate "2022.03.04"]
[EventType "swiss"]
[EventCountry "TUR"]
[SourceTitle "playchess.com"]
[Source "ChessBase"]
[SourceQuality "1"]
[TimeControl "5400+30"]

1. e4 e5 2. Nf3 Nc6 3. Nc3 Nf6 4. h3 Bc5 5. Nxe5 Nxe5 6. d4 Bd6 7. dxe5 Bxe5 8. Bd3 O-O 9. O-O h6 10. Re1 d6 11. Ne2 d5 12. f4 dxe4 13. fxe5 exd3 14. exf6 dxe2 15. Qxd8 Rxd8 16. fxg7 Kxg7 17. Bf4 c6 18. Rxe2 Be6 19. Be5+ Kh7 20. c3 Rg8 21. Kh2 Rad8 22. Bd4 a6 23. b4 Rd6 24. a4 Bd5 25. g3 Re6 26. Rxe6 Bxe6 1/2-1/2

[Event "Turkish Women-ch Arzum 2022"]
[Site "Ayvalik"]
[Date "2022.03.09"]
[Round "7.30"]
[White "Susin, Derya Defne"]
[Black "Yazici, Zumral"]
[Result "0-1"]
[ECO "D31"]
[WhiteElo "1285"]
[BlackElo "1229"]
[Annotator "NA"]
[PlyCount "67"]
[EventDate "2022.03.04"]
[EventType "swiss"]
[EventCountry "TUR"]
[SourceTitle "playchess.com"]
[Source "ChessBase"]
[SourceQuality "1"]
[TimeControl "5400+30"]

1. d4 d5 2. c4 e6 3. Nc3 a6 4. cxd5 exd5 5. Nf3 c6 6. Bf4 Nf6 7. e3 Bd6 8. Bxd6 Qxd6 9. Bd3 h6 10. O-O Be6 11. a4 Nbd7 12. a5 O-O 13. Qe2 Rfe8 14. Rfc1 Bg4 15. Na4 Ne4 16. h3 Bh5 17. g4 Bg6 18. Bxe4 Rxe4 19. Nc5 Nxc5 20. Rxc5 f5 21. Nd2 Re6 22. Nf1 Rf8 23. Nh2 f4 24. Rc3 Qb4 25. Nf3 fxe3 26. fxe3 Ref6 27. Rf1 Be4 28. Nh2 Rxf1+ 29. Nxf1 Qxa5 30. Ng3 Qa1+ 31. Kh2 Bf3 32. Qc2 Qe1 33. Rb3 Bd1 34. Qg2 0-1

[Event "Turkish Women-ch Arzum 2022"]
[Site "Ayvalik"]
[Date "2022.03.09"]
[Round "7.34"]
[White "Topal, Berfin"]
[Black "Kum, Busra"]
[Result "1-0"]
[ECO "A46"]
[WhiteElo "1322"]
[BlackElo "1062"]
[Annotator "NA"]
[PlyCount "115"]
[EventDate "2022.03.04"]
[EventType "swiss"]
[EventCountry "TUR"]
[SourceTitle "playchess.com"]
[Source "ChessBase"]
[SourceQuality "1"]
[TimeControl "5400+30"]

1. d4 Nf6 2. Nf3 d6 3. e3 Nbd7 4. Bd3 e5 5. dxe5 dxe5 6. Bb5 c6 7. Bc4 Be7 8. Nc3 b5 9. Be2 Qc7 10. a3 a5 11. O-O O-O 12. b3 Rd8 13. Bb2 Nc5 14. Qc1 Bg4 15. Nd2 Qd7 16. Bxg4 Nxg4 17. Nde4 Qf5 18. Ng3 Qg6 19. h3 Nh6 20. Nce2 Rd5 21. b4 Na4 22. e4 Bg5 23. f4 exf4 24. exd5 fxg3 25. Nf4 Qe4 26. Bxg7 Kxg7 27. Ne6+ fxe6 28. Qxg5+ Qg6 29. Qxg6+ Kxg6 30. dxe6 Nf5 31. Rf3 axb4 32. axb4 Rd8 33. Raf1 Rd6 34. Rxf5 Rxe6 35. R5f3 h5 36. Rxg3+ Kh6 37. Rf8 Kh7 38. Rg5 Nc3 39. Rxh5+ Kg7 40. Rhf5 Ne4 41. h4 Rh6 42. Rf4 Nf6 43. R8xf6 Rxf6 44. Rxf6 Kxf6 45. g4 Ke5 46. h5 Kf6 47. Kf2 Kg7 48. Kf3 Kh7 49. Kf4 Kh6 50. g5+ Kg7 51. Kf5 Kh7 52. g6+ Kg8 53. Kf6 c5 54. h6 Kh8 55. g7+ Kh7 56. Kf7 c4 57. g8=Q+ Kxh6 58. Qg6# 1-0

[Event "Turkish Women-ch Arzum 2022"]
[Site "Ayvalik"]
[Date "2022.03.10"]
[Round "8.10"]
[White "Alagoz, Zumra Meryem"]
[Black "Demirtas, Hafize"]
[Result "1-0"]
[ECO "C54"]
[WhiteElo "1573"]
[BlackElo "1779"]
[Annotator "NA RC"]
[PlyCount "67"]
[EventDate "2022.03.04"]
[EventType "swiss"]
[EventCountry "TUR"]
[SourceTitle "playchess.com"]
[Source "ChessBase"]
[SourceQuality "1"]
[TimeControl "5400+30"]

1. e4 e5 2. Nf3 Nc6 3. Bc4 Nf6 4. d3 Bc5 5. c3 a6 6. O-O O-O 7. d4 Ba7 8. dxe5 Nxe4 9. Bd5 Nc5 10. Bg5 Qe8 11. Re1 h6 12. Qc2 Ne6 13. Bh4 Ne7 14. Be4 Nc5 15. Nbd2 Kh8 16. Nd4 Nxe4 17. Qxe4 Ng6 18. Bg3 Qd8 19. h4 Ne7 20. N2f3 Rb8 21. Rad1 b5 22. h5 Bb7 23. Qg4 c5 24. Nf5 Nxf5 25. Qxf5 Qa5 26. Nh4 Qxa2 27. Rd6 Kg8 28. Qg4 Kh8 29. Nf5 Rg8 30. Qh4 Kh7 31. Qf4 Rh8 32. Rxh6+ Kg8 33. Ne7+ Kf8 34. Ng6+ 1-0

[Event "Turkish Women-ch Arzum 2022"]
[Site "Ayvalik"]
[Date "2022.03.10"]
[Round "8.11"]
[White "Kalayci, Nino"]
[Black "Kayis, Gulcan Sena"]
[Result "0-1"]
[ECO "A01"]
[WhiteElo "1775"]
[BlackElo "1597"]
[Annotator "NA RC"]
[PlyCount "38"]
[EventDate "2022.03.04"]
[EventType "swiss"]
[EventCountry "TUR"]
[SourceTitle "playchess.com"]
[Source "ChessBase"]
[SourceQuality "1"]
[TimeControl "5400+30"]

1. b3 e5 2. e3 Nc6 3. Bb2 Nf6 4. c4 d5 5. d3 Bb4+ 6. Nd2 dxc4 7. bxc4 Bf5 8. e4 Bg4 9. Qc2 O-O 10. h3 Bh5 11. g4 Bg6 12. Ne2 Nxe4 13. Bc3 Nc5 14. Ng3 Bxd3 15. Qb2 Bxf1 16. Kxf1 Qd3+ 17. Ne2 Na4 18. Qb1 Qxe2+ 19. Kxe2 Nxc3+ 0-1

[Event "Turkish Women-ch Arzum 2022"]
[Site "Ayvalik"]
[Date "2022.03.10"]
[Round "8.12"]
[White "Incecik, Seyma Zeynep"]
[Black "Karatiken, Beray"]
[Result "0-1"]
[ECO "A01"]
[WhiteElo "1777"]
[BlackElo "1380"]
[Annotator "NA RC"]
[PlyCount "112"]
[EventDate "2022.03.04"]
[EventType "swiss"]
[EventCountry "TUR"]
[SourceTitle "playchess.com"]
[Source "ChessBase"]
[SourceQuality "1"]
[TimeControl "5400+30"]

1. b3 e5 2. Bb2 d6 3. e3 Nd7 4. Nf3 c6 5. d4 Qc7 6. c4 Ngf6 7. Nc3 Be7 8. Be2 h6 9. Rc1 Nf8 10. O-O g5 11. dxe5 dxe5 12. Nxe5 Bd6 13. Nf3 g4 14. c5 gxf3 15. cxd6 fxe2 16. Qxe2 Qxd6 17. Ne4 Nxe4 18. Bxh8 Bd7 19. Rfd1 Qg6 20. f3 Ng5 21. Be5 O-O-O 22. b4 Re8 23. Bg3 f5 24. Rd6 Qg7 25. Kh1 Nf7 26. Rd2 Qg5 27. Bf4 Qe7 28. b5 Ng6 29. bxc6 Bxc6 30. Rxc6+ bxc6 31. Qa6+ Qb7 32. Qxb7+ Kxb7 33. Rd7+ Ka6 34. Rxf7 Nxf4 35. g3 Nd5 36. Rxf5 Rxe3 37. Rh5 Rxf3 38. Rxh6 Kb6 39. g4 Ne3 40. h3 Rf1+ 41. Kh2 Rf2+ 42. Kg3 Rxa2 43. Kf4 Nd5+ 44. Kf5 Rf2+ 45. Ke5 a5 46. g5 a4 47. Rh8 Rg2 48. h4 a3 49. Kf5 a2 50. Ra8 Nc7 51. Ra3 Nb5 52. Ra4 Nd6+ 53. Kf6 Kb5 54. Ra8 Nc4 55. g6 Na5 56. g7 a1=Q+ 0-1

[Event "Turkish Women-ch Arzum 2022"]
[Site "Ayvalik"]
[Date "2022.03.10"]
[Round "8.13"]
[White "Karatiken, Seray"]
[Black "Zengin, Ovgu"]
[Result "1-0"]
[ECO "D05"]
[WhiteElo "1717"]
[BlackElo "1475"]
[Annotator "NA RC"]
[PlyCount "51"]
[EventDate "2022.03.04"]
[EventType "swiss"]
[EventCountry "TUR"]
[SourceTitle "playchess.com"]
[Source "ChessBase"]
[SourceQuality "1"]
[TimeControl "5400+30"]

1. d4 d5 2. Nf3 Nf6 3. e3 e6 4. Bd3 c5 5. b3 Be7 6. O-O O-O 7. Bb2 b6 8. Nbd2 Ba6 9. c4 Nbd7 10. Ne5 Bb7 11. Qc2 h6 12. f4 Rc8 13. f5 exf5 14. Bxf5 dxc4 15. bxc4 cxd4 16. exd4 Ra8 17. Ndf3 Nxe5 18. dxe5 Bc5+ 19. Kh1 Ne8 20. Rad1 Qb8 21. Nh4 g5 22. Bh7+ Kg7 23. e6+ f6 24. Rd7+ Be7 25. Rxe7+ Kh8 26. Ng6# 1-0

[Event "Turkish Women-ch Arzum 2022"]
[Site "Ayvalik"]
[Date "2022.03.10"]
[Round "8.14"]
[White "Kipik, Feyza"]
[Black "Engin, Cagla"]
[Result "1-0"]
[ECO "B06"]
[WhiteElo "1603"]
[BlackElo "1436"]
[Annotator "NA RC"]
[PlyCount "51"]
[EventDate "2022.03.04"]
[EventType "swiss"]
[EventCountry "TUR"]
[SourceTitle "playchess.com"]
[Source "ChessBase"]
[SourceQuality "1"]
[TimeControl "5400+30"]

1. e4 d6 2. d4 g6 3. Nf3 Bg7 4. c3 Nd7 5. Bd3 e6 6. O-O Ne7 7. Nbd2 b6 8. a4 a5 9. Re1 O-O 10. Nf1 Bb7 11. Ng3 c5 12. Be3 Rc8 13. Qd2 cxd4 14. cxd4 Nc6 15. Bg5 Bf6 16. Bh6 Bg7 17. Rac1 Nb4 18. Bb5 Rxc1 19. Rxc1 Nf6 20. Bxg7 Kxg7 21. Qf4 Qe7 22. Nd2 Rd8 23. Qg5 h6 24. Nh5+ Kh7 25. Nxf6+ Kh8 26. Qxh6# 1-0

[Event "Turkish Women-ch Arzum 2022"]
[Site "Ayvalik"]
[Date "2022.03.10"]
[Round "8.15"]
[White "Aydogan, Arya"]
[Black "Salt, Ilayda"]
[Result "1-0"]
[ECO "B30"]
[WhiteElo "1328"]
[BlackElo "1594"]
[Annotator "NA RC"]
[PlyCount "92"]
[EventDate "2022.03.04"]
[EventType "swiss"]
[EventCountry "TUR"]
[SourceTitle "playchess.com"]
[Source "ChessBase"]
[SourceQuality "1"]
[TimeControl "5400+30"]

1. e4 c5 2. Nf3 Nc6 3. Bb5 a6 4. Bxc6 dxc6 5. O-O Bg4 6. h3 Bh5 7. d3 e6 8. Nbd2 Bd6 9. b3 Qf6 10. Rb1 Ne7 11. g4 Bxg4 12. hxg4 Qf4 13. Re1 Qxg4+ 14. Kf1 Ng6 15. Nc4 Bc7 16. Ng1 Qh4 17. Be3 b5 18. Nd2 Qe7 19. Ndf3 h5 20. Qd2 h4 21. Nh3 b4 22. d4 cxd4 23. Qxd4 e5 24. Qc4 Qf6 25. Bg5 Qe6 26. Qxe6+ fxe6 27. Rbd1 c5 28. Rd2 Rf8 29. Kg2 Bd8 30. Red1 Bxg5 31. Nfxg5 Nf4+ 32. Nxf4 Rxf4 33. Nxe6 Rf7 34. Nxc5 g5 35. Rd5 Re7 36. Nd3 Rc8 37. Rd2 Kf7 38. Nxe5+ Kf6 39. Ng4+ Kg6 40. Rd6+ Kg7 41. Rd7 Rxd7 42. Rxd7+ Kg6 43. Ne3 Rc6 44. Nc4 Kh5 45. Rh7+ Kg6 46. Ne5+ Kxh7 1-0

[Event "Turkish Women-ch Arzum 2022"]
[Site "Ayvalik"]
[Date "2022.03.10"]
[Round "8.16"]
[White "Kucuk, Aybike"]
[Black "Yalcin, Fahriye Zeynep"]
[Result "1/2-1/2"]
[ECO "A17"]
[WhiteElo "1439"]
[BlackElo "1260"]
[Annotator "NA RC"]
[PlyCount "138"]
[EventDate "2022.03.04"]
[EventType "swiss"]
[EventCountry "TUR"]
[SourceTitle "playchess.com"]
[Source "ChessBase"]
[SourceQuality "1"]
[TimeControl "5400+30"]

1. c4 e6 2. Nc3 Bb4 3. g3 Nf6 4. Bg2 c5 5. e3 Bxc3 6. bxc3 d5 7. cxd5 Nxd5 8. Ne2 Nd7 9. d4 Qb6 10. O-O O-O 11. c4 N5f6 12. a4 Qc7 13. Ba3 Rd8 14. Qb3 Rb8 15. Rfd1 b6 16. Rab1 Ba6 17. Rbc1 Rbc8 18. Nc3 cxd4 19. Nb5 Bxb5 20. cxb5 Nc5 21. Bxc5 bxc5 22. exd4 c4 23. Qb4 Nd5 24. Bxd5 Rxd5 25. a5 Rd6 26. Rd2 h6 27. Rdd1 Kh8 28. Rd2 Kg8 29. f4 f6 30. Rdd1 Kf7 31. Rd2 Kg8 32. Rdd1 Kf7 33. h3 h5 34. Rc3 g6 35. Rd2 Kg7 36. Rd1 Kf7 37. Rcc1 Kg7 38. Rxc4 Qxc4 39. Qxd6 Qc3 40. Qe7+ Kh6 41. Rf1 Qxg3+ 42. Kh1 Qxh3+ 43. Kg1 Qe3+ 44. Kh1 Qe4+ 45. Kg1 Qxd4+ 46. Kh1 Qd5+ 47. Kg1 Qxb5 48. Qxf6 Qc5+ 49. Kh1 Qd5+ 50. Kg1 Rg8 51. Qf7 Rg7 52. Qf8 Qd4+ 53. Kh1 h4 54. Kg2 Qe4+ 55. Kh3 Qf5+ 56. Qxf5 gxf5 57. Kxh4 Kg6 58. Kg3 Kf6+ 59. Kf3 Rb7 60. Rc1 Rb5 61. a6 Rb6 62. Ra1 Rb3+ 63. Kf2 Rb4 64. Kf3 Ke7 65. Rh1 Rb3+ 66. Kf2 Rb2+ 67. Kf3 Rb3+ 68. Kf2 Rb2+ 69. Ke3 Rb3+ 1/2-1/2

[Event "Turkish Women-ch Arzum 2022"]
[Site "Ayvalik"]
[Date "2022.03.10"]
[Round "8.17"]
[White "Sahin, Cagla Yudum"]
[Black "Gulceken, Sumeyye"]
[Result "0-1"]
[ECO "B18"]
[WhiteElo "1162"]
[BlackElo "1591"]
[Annotator "NA RC"]
[PlyCount "60"]
[EventDate "2022.03.04"]
[EventType "swiss"]
[EventCountry "TUR"]
[SourceTitle "playchess.com"]
[Source "ChessBase"]
[SourceQuality "1"]
[TimeControl "5400+30"]

1. e4 c6 2. d4 d5 3. Nc3 dxe4 4. Nxe4 Bf5 5. Ng3 Bg6 6. Nh3 Nd7 7. Nf4 e6 8. Bc4 Bd6 9. Nxg6 hxg6 10. Ne4 Bb8 11. h3 Ngf6 12. Nxf6+ Nxf6 13. c3 Qd6 14. Qb3 b5 15. Bd3 e5 16. Be3 e4 17. Bc2 Qe7 18. O-O-O a5 19. c4 a4 20. Qc3 b4 21. Qd2 b3 22. Bb1 a3 23. axb3 a2 24. Bxa2 Rxa2 25. Kc2 Qa3 26. Rb1 Bd6 27. Qe2 O-O 28. h4 Rb8 29. g4 Qxb3+ 30. Kc1 Ba3 0-1

[Event "Turkish Women-ch Arzum 2022"]
[Site "Ayvalik"]
[Date "2022.03.10"]
[Round "8.19"]
[White "Akar, Nilay"]
[Black "Baloglu, Dila"]
[Result "0-1"]
[ECO "C90"]
[WhiteElo "1516"]
[BlackElo "1630"]
[Annotator "NA RC"]
[PlyCount "64"]
[EventDate "2022.03.04"]
[EventType "swiss"]
[EventCountry "TUR"]
[SourceTitle "playchess.com"]
[Source "ChessBase"]
[SourceQuality "1"]
[TimeControl "5400+30"]

1. e4 e5 2. Nf3 Nc6 3. Bb5 a6 4. Ba4 Nf6 5. d3 b5 6. Bb3 Be7 7. O-O d6 8. c3 O-O 9. Re1 Na5 10. Bc2 c5 11. Nbd2 Nc6 12. Nf1 h6 13. Ng3 Be6 14. d4 cxd4 15. cxd4 exd4 16. Nxd4 Nxd4 17. Qxd4 Rc8 18. Bb3 d5 19. e5 Bc5 20. Qf4 Ng4 21. Re2 f6 22. Nf5 fxe5 23. Qxg4 Rxf5 24. Qg3 Qf6 25. Bd2 Rf8 26. Rf1 e4 27. Bc3 d4 28. Be1 e3 29. Rc2 Rg5 30. Qc7 Bxb3 31. Rxc5 Rxc5 32. Qxc5 Bc4 0-1

[Event "Turkish Women-ch Arzum 2022"]
[Site "Ayvalik"]
[Date "2022.03.10"]
[Round "8.20"]
[White "Turunz, Dilek"]
[Black "Yurdakul, Didem Nuray"]
[Result "0-1"]
[ECO "B06"]
[WhiteElo "1443"]
[BlackElo "1804"]
[Annotator "NA RC"]
[PlyCount "94"]
[EventDate "2022.03.04"]
[EventType "swiss"]
[EventCountry "TUR"]
[SourceTitle "playchess.com"]
[Source "ChessBase"]
[SourceQuality "1"]
[TimeControl "5400+30"]

1. e4 c5 2. c3 d5 3. exd5 Qxd5 4. d4 g6 5. Nf3 Bg7 6. Na3 cxd4 7. Bc4 Qe4+ 8. Be3 Nh6 9. Nb5 O-O 10. cxd4 {[%emt 0:07:30] 10.Bd3 is not played anymore.} Na6 (10... Nf5 $11) 11. Nc3 (11. Qb3 $1 $14) 11... Qc6 12. Qb3 Nf5 13. O-O Nd6 14. Bd5 Qe8 {[%emt 0:01:30] [#]} 15. Bf4 $146 ({Predecessor:} 15. Rfe1 Nc7 16. Bf4 Qd8 17. Bg5 Re8 18. Rac1 Bg4 19. Ne5 Be6 20. Bxe6 Nxe6 21. Nxf7 Nxf7 22. Qxe6 Qxd4 {½-½ (30) Schellmann,F (2110)-Ross,C (2231) Chennai 2012}) 15... Qd8 16. Qa3 Nb5 17. Bxf7+ Rxf7 18. Nxb5 Rxf4 19. Qb3+ $19 e6 20. Rad1 Qd5 21. Qe3 Re4 22. Qg5 Qxg5 23. Nxg5 Re2 24. Nd6 h6 25. Nf3 Rxb2 26. Rfe1 Rxa2 27. Nxc8 Rxc8 28. Rxe6 Kf7 29. Rde1 Rc7 30. d5 Nc5 31. R6e3 Ra6 32. Rc1 Rd6 33. Re2 Rxd5 34. Rec2 b6 35. Kf1 Rcd7 36. Ke2 Nd3 37. Rb1 Nf4+ 38. Ke1 Nxg2+ 39. Kf1 Nf4 40. Ke1 b5 41. Ra2 b4 42. Rc2 b3 43. Rc4 g5 44. h4 b2 45. hxg5 Rd1+ 46. Rxd1 Rxd1+ 47. Kxd1 b1=Q+ 0-1

[Event "Turkish Women-ch Arzum 2022"]
[Site "Ayvalik"]
[Date "2022.03.10"]
[Round "8.22"]
[White "Gedik, Eylul Ceren"]
[Black "Yilmaz, Gokcen"]
[Result "1-0"]
[ECO "B77"]
[WhiteElo "1282"]
[BlackElo "1647"]
[Annotator "NA RC"]
[PlyCount "53"]
[EventDate "2022.03.04"]
[EventType "swiss"]
[EventCountry "TUR"]
[SourceTitle "playchess.com"]
[Source "ChessBase"]
[SourceQuality "1"]
[TimeControl "5400+30"]

1. e4 c5 2. Nf3 d6 3. d4 cxd4 4. Nxd4 Nf6 5. Nc3 g6 6. Be3 Bg7 7. f3 O-O 8. Qd2 Nc6 9. Bc4 Bd7 10. O-O-O Rb8 11. Bb3 Na5 12. g4 b5 13. h4 Nc4 14. Bxc4 bxc4 15. Kb1 Qa5 16. Ka1 Qb4 17. Rb1 Rb6 18. Bh6 Bxh6 19. Qxh6 Ra6 20. h5 Rb8 21. hxg6 fxg6 22. g5 Nh5 23. Nf5 Bxf5 24. exf5 d5 25. Rxh5 gxh5 26. Qxa6 Rb6 27. Qc8+ 1-0

[Event "Turkish Women-ch Arzum 2022"]
[Site "Ayvalik"]
[Date "2022.03.10"]
[Round "8.23"]
[White "Oztatar, Meleknaz"]
[Black "Tanir, Simay"]
[Result "0-1"]
[ECO "A84"]
[WhiteElo "1063"]
[BlackElo "1510"]
[Annotator "NA RC"]
[PlyCount "96"]
[EventDate "2022.03.04"]
[EventType "swiss"]
[EventCountry "TUR"]
[SourceTitle "playchess.com"]
[Source "ChessBase"]
[SourceQuality "1"]
[TimeControl "5400+30"]

1. d4 f5 2. c4 e6 3. e3 Nf6 4. Bd3 c6 5. Nc3 d5 6. Nge2 Bd6 7. f3 O-O 8. Qc2 Na6 9. a3 Nc7 10. Bd2 dxc4 11. Bxc4 Kh8 12. O-O e5 13. dxe5 Bxe5 14. Rad1 Qe7 15. Kh1 Nfd5 16. e4 Nxc3 17. Bxc3 Bxc3 18. Qxc3 fxe4 19. fxe4 Bg4 20. h3 Bxe2 21. Bxe2 Qxe4 22. Rd7 Rxf1+ 23. Bxf1 Ne6 24. Bd3 Qe3 25. Rxb7 Rd8 26. Qxc6 Qxd3 27. Qf3 Qxf3 28. gxf3 h6 29. Rxa7 Rd1+ 30. Kg2 Rd2+ 31. Kg3 Rxb2 32. a4 Nc5 33. a5 Ra2 34. Kg4 Nb3 35. a6 Nc5 36. Ra8+ Kh7 37. a7 Ne6 38. Re8 Nc7 39. Re7 Rxa7 40. Kf5 Ra5+ 41. Kg4 Nd5 42. Re5 Nf6+ 43. Kf5 Rxe5+ 44. Kxe5 Kg6 45. Kf4 Nd7 46. Kg4 Nc5 47. f4 Nd3 48. h4 h5+ 0-1

[Event "Turkish Women-ch Arzum 2022"]
[Site "Ayvalik"]
[Date "2022.03.10"]
[Round "8.24"]
[White "Buyuk, Elvin Esma"]
[Black "Sezer, Ipek"]
[Result "0-1"]
[ECO "E14"]
[WhiteElo "1326"]
[BlackElo "1329"]
[Annotator "NA RC"]
[PlyCount "78"]
[EventDate "2022.03.04"]
[EventType "swiss"]
[EventCountry "TUR"]
[SourceTitle "playchess.com"]
[Source "ChessBase"]
[SourceQuality "1"]
[TimeControl "5400+30"]

1. d4 Nf6 2. c4 e6 3. Nc3 b6 4. e3 Bb7 5. Nf3 Be7 6. Bd3 d5 7. O-O Nbd7 8. b3 O-O 9. Bb2 c5 10. cxd5 exd5 11. Nd2 h5 12. f4 Re8 13. Nf3 Ng4 14. Bc1 Rc8 15. Ne2 Nf8 16. Ne5 Bd6 17. Bf5 Ne6 18. Nxg4 hxg4 19. Bxg4 Ba6 20. Rf2 Rc7 21. Bxe6 Rxe6 22. dxc5 Bxc5 23. Nd4 Re4 24. Qg4 Bxd4 25. Rb1 Bd3 26. Rfb2 Rxc1+ 27. Rxc1 Bxe3+ 28. Rf2 Bxc1 29. Qd1 Be3 30. Qxd3 Bxf2+ 31. Kxf2 Rxf4+ 32. Kg1 Qc7 33. h3 Qc5+ 34. Kh2 Rd4 35. Qg3 Rd1 36. Qb8+ Kh7 37. Kg3 Qe3+ 38. Kh2 Rf1 39. Qg3 Qg1# 0-1

[Event "Turkish Women-ch Arzum 2022"]
[Site "Ayvalik"]
[Date "2022.03.10"]
[Round "8.25"]
[White "Aksoy, Duru"]
[Black "Gur, Tuba"]
[Result "0-1"]
[ECO "B22"]
[WhiteElo "1223"]
[BlackElo "1750"]
[Annotator "NA RC"]
[PlyCount "128"]
[EventDate "2022.03.04"]
[EventType "swiss"]
[EventCountry "TUR"]
[SourceTitle "playchess.com"]
[Source "ChessBase"]
[SourceQuality "1"]
[TimeControl "5400+30"]

1. e4 c5 2. c3 d5 3. exd5 Qxd5 4. Na3 Nf6 5. Nf3 Bg4 6. Be2 Nc6 7. d4 cxd4 8. Nb5 Qd7 9. Nbxd4 Nxd4 10. Nxd4 e5 11. Bxg4 Nxg4 12. Qe2 Bc5 13. h3 O-O 14. hxg4 exd4 15. Qd3 Rae8+ 16. Be3 g6 17. cxd4 Qxd4 18. Qxd4 Bxd4 19. Ke2 f5 20. gxf5 Rxf5 21. Rad1 Bxb2 22. Rb1 Bg7 23. Rxb7 Ra5 24. Rd1 Rxa2+ 25. Rd2 Rxd2+ 26. Kxd2 a5 27. Ra7 Bf8 28. Bb6 Bb4+ 29. Kd3 Re5 30. Bd4 Re7 31. Ra6 Rd7 32. Kc4 Kf7 33. Bb6 h5 34. Bd4 Rd6 35. Ra7+ Ke6 36. Rg7 Rc6+ 37. Kb3 Kd5 38. Bb2 Be1 39. f3 Rb6+ 40. Kc2 Kc4 41. Re7 Bb4 42. Re4+ Kb5 43. Re5+ Bc5 44. Bd4 Rc6 45. Rg5 Kb6 46. Kd3 Bxd4 47. Kxd4 a4 48. Re5 a3 49. Re2 Kb5 50. g3 Kb4 51. Kd5 Rc3 52. Re8 a2 53. Rb8+ Ka3 54. Kd4 Rb3 55. Ra8+ Kb2 56. Kc4 Ra3 57. Rb8+ Kc2 58. Re8 a1=Q 59. Re2+ Kd1 60. Rf2 Qc3+ 61. Kb5 Ra5+ 62. Kb6 Qc5+ 63. Kb7 Ra7+ 64. Kb8 Qc7# 0-1

[Event "Turkish Women-ch Arzum 2022"]
[Site "Ayvalik"]
[Date "2022.03.10"]
[Round "8.26"]
[White "Ozer, Melike Busra"]
[Black "Dal, Nurseda"]
[Result "1/2-1/2"]
[ECO "C45"]
[WhiteElo "1300"]
[BlackElo "1116"]
[Annotator "NA RC"]
[PlyCount "74"]
[EventDate "2022.03.04"]
[EventType "swiss"]
[EventCountry "TUR"]
[SourceTitle "playchess.com"]
[Source "ChessBase"]
[SourceQuality "1"]
[TimeControl "5400+30"]

1. e4 e5 2. Nf3 Nc6 3. d4 exd4 4. Nxd4 Bc5 5. Be3 Qf6 6. c3 Nge7 7. Bc4 Ne5 8. Bb3 Qg6 9. O-O Qxe4 10. Re1 Qg4 11. Nb5 Qxd1 12. Nxc7+ Kd8 13. Bxd1 Bxe3 14. Rxe3 Kxc7 15. Rxe5 Nc6 16. Re3 d5 17. Bb3 Be6 18. Na3 a6 19. Nc2 Na5 20. Nd4 Kd6 21. Nxe6 Nxb3 22. axb3 fxe6 23. Rae1 Rae8 24. Kf1 Rhf8 25. Ke2 b5 26. f3 g5 27. Kd3 e5 28. c4 d4 29. c5+ Kd5 30. R3e2 Rf5 31. b4 Re6 32. b3 h5 33. h3 Kc6 34. Ra1 Kd5 35. Re4 Rf4 36. Ra2 Ref6 37. Rae2 Re6 1/2-1/2

[Event "Turkish Women-ch Arzum 2022"]
[Site "Ayvalik"]
[Date "2022.03.10"]
[Round "8.28"]
[White "Kalyoncu, Beren"]
[Black "Bassari, Senem Gul"]
[Result "0-1"]
[ECO "B10"]
[WhiteElo "1228"]
[BlackElo "1197"]
[Annotator "NA RC"]
[PlyCount "90"]
[EventDate "2022.03.04"]
[EventType "swiss"]
[EventCountry "TUR"]
[SourceTitle "playchess.com"]
[Source "ChessBase"]
[SourceQuality "1"]
[TimeControl "5400+30"]

1. e4 c6 2. Nf3 d5 3. d3 g6 4. Be2 Bg7 5. exd5 cxd5 6. d4 Nc6 7. O-O Nf6 8. c3 O-O 9. h3 a6 10. a4 Nd7 11. Re1 Re8 12. Be3 e5 13. dxe5 Ndxe5 14. Nxe5 Nxe5 15. Nd2 Bf5 16. Bd4 Qd7 17. Bxe5 Bxe5 18. Nf3 Bg7 19. Nd4 Bxd4 20. Qxd4 Re4 21. Qb6 Rae8 22. Kf1 Qe7 23. g4 Rxe2 24. Rxe2 Qxe2+ 25. Kg1 Be4 26. Qe3 Qxe3 27. fxe3 Bc2 28. Kf2 Re4 29. b4 Rc4 30. Ra3 f5 31. g5 Kf7 32. a5 Ke6 33. Ra2 Rxc3 34. Rb2 Bd3 35. Kf3 Be4+ 36. Kf4 Rc2 37. Rb3 Rf2+ 38. Kg3 Rf3+ 39. Kh2 d4 40. b5 Rxe3 41. Rb2 d3 42. bxa6 Re2+ 43. Rxe2 dxe2 44. a7 e1=Q 45. a8=Q Qf2# 0-1